 Dungeon Crawl Stone Soup version 0.23.0 (webtiles) character file.

Game seed: 1083534465313335242

35 MalarOregon the Poker (level 3, -2/28 HPs)
             Began as a Merfolk Skald on Feb 13, 2019.
             Slain by an adder (5 damage)
             ... on level 2 of the Dungeon.
             The game lasted 00:02:19 (996 turns).

MalarOregon the Poker (Merfolk Skald)                Turns: 996, Time: 00:02:20

Health: -2/28      AC:  3    Str: 12    XL:     3   Next: 35%
Magic:  6/6        EV: 13    Int: 12    God:
Gold:   83         SH:  0    Dex: 13    Spells: 5/6 levels left

rFire    . . .     SeeInvis .   a - +0 spear
rCold    . . .     Gourm    .   (no shield)
rNeg     . . .     Faith    .   b - +0 leather armour
rPois    .         Spirit   .   (no helmet)
rElec    .         Reflect  .   (no cloak)
rCorr    .         Harm     .   (no gloves)
MR       .....                  (no boots)
Stlth    +.........             (no amulet)
HPRegen  0.09/turn              (no ring)
MPRegen  0.10/turn              (no ring)

@: lethally poisoned (-2 -> -12)
A: change form in water, swift swim, stealthy swim
a: no special abilities


You were on level 2 of the Dungeon.
You were not hungry.

You visited 1 branch of the dungeon, and saw 2 of its levels.

You collected 83 gold pieces.

Inventory:

Hand Weapons
 a - a +0 spear (weapon)
Missiles
 h - a throwing net (quivered) {!f}
Armour
 b - a +0 leather armour (worn)
Jewellery
 c - an uncursed ring of see invisible {unknown}
   (You found it on level 1 of the Dungeon)
Scrolls
 f - 2 scrolls of magic mapping {unknown}
 i - a scroll of remove curse {@r2}
 j - 2 scrolls of identify {unknown}
Comestibles
 d - a chunk of flesh
 e - 2 rations {!d}


   Skills:
 + Level 2.6 Fighting
 * Level 4.1 Polearms
 + Level 1.1 Armour
 + Level 3.2 Dodging
 - Level 2.0 Spellcasting
 - Level 3.2 Charms


You had 5 spell levels left.
You knew the following spells:

 Your Spells              Type           Power        Failure   Level  Hunger
a - Infusion              Chrm           #...         9%          1    ##.....

Your spell library contained the following spells:

 Spells                   Type           Power        Failure   Level  Hunger
 Song of Slaying          Chrm           #.......     14%         2    ###....
 Shroud of Golubria       Chrm/Tloc      #.........   26%         2    ###....
 Regeneration             Chrm/Necr      #.........   47%         3    ####...
 Spectral Weapon          Hex/Chrm       #.......     47%         3    ####...


Dungeon Overview and Level Annotations

Branches:
Dungeon (2/15)

Altars:
Dithmenos


Message History

You hit the giant cockroach.
The giant cockroach completely misses you.
You barely miss the giant cockroach. The giant cockroach bites you.
* * * LOW HITPOINT WARNING * * *
The giant cockroach bites you but does no damage.
You hit the giant cockroach but do no damage.
The giant cockroach closely misses you.
You closely miss the giant cockroach. The giant cockroach barely misses you.
You hit the giant cockroach.
You kill the giant cockroach!
The adder bites you but does no damage.
You closely miss the adder. The adder misses you.
You closely miss the adder. The adder bites you.
* * * LOW HITPOINT WARNING * * *
You are poisoned.
The adder poisons you!
You hit the adder.
You feel sick. The adder bites you but does no damage.
You closely miss the adder. The adder bites you.
* * * LOW HITPOINT WARNING * * *
You hit the adder.
You feel sick. The adder bites you.
* * * LOW HITPOINT WARNING * * *
It was a potion of curing.
You feel better. The adder bites you.
* * * LOW HITPOINT WARNING * * *
The adder bites you.
* * * LOW HITPOINT WARNING * * *
You hit the adder. The adder barely misses you.
You hit the adder but do no damage. The adder bites you.
* * * LOW HITPOINT WARNING * * *
You barely miss the adder. The adder barely misses you.
You miss the adder. The adder bites you.
* * * LOW HITPOINT WARNING * * *
You are poisoned.
The adder poisons you!
You feel sick. The adder bites you.
* * * LOW HITPOINT WARNING * * *
You are lethally poisoned!
The adder poisons you!
Sorry, you're not good enough to have a special ability.
You aren't carrying any potions.
As you read the scroll labeled GACY IBYGA, it crumbles to dust.
You hear a loud clanging noise!
It was a scroll of noise.
* * * LOW HITPOINT WARNING * * *
You feel sick.
You hear a shout! x4
The adder closely misses you.
As you read the scroll labeled JOECIA AMUOGGI, it crumbles to dust.
You feel blessed for a moment.
It was a scroll of remove curse.
The adder bites you.
You die...

#.#.## ##.##.... #.#
#....###.# #.# #.# ###...#..#
.# #.# #.##.#.#####.# #.#
#.##...)....# #>#
#.##.......#.# #.#
.......###.# #.#
..###.#####.###########.######
#. #........@Sg..............
#########.#########..##### #.#
#....# ... #.#.#.# #...#
#..g.#.# #...# ##†.##.# #...#
..# # #...# ..# #[..# ...


You could see an adder and a goblin.

Vanquished Creatures
  An adder (D:2)
  An ooze (D:1)
  3 giant cockroaches
  3 goblins
  3 hobgoblins (D:1)
  4 kobolds
  A ball python (D:2)
  A bat (D:1)
  A frilled lizard (D:1)
  3 rats (D:1)
21 creatures vanquished.

Notes
Turn   | Place    | Note
-------+----------+-------------------------------------------
     0 | D:1      | MalarOregon the Merfolk Skald began the quest for the Orb.
     0 | D:1      | Reached XP level 1. HP: 16/16 MP: 3/3
   372 | D:1      | Reached XP level 2. HP: 22/23 MP: 5/5
   599 | D:1      | Reached skill level 1 in Armour
   900 | D:2      | Found a shadowy altar of Dithmenos.
   955 | D:2      | Reached XP level 3. HP: 27/28 MP: 6/6
   961 | D:2      | Reached skill level 4 in Polearms
   996 | D:2      | Slain by an adder

Skill      XL: |  1  2  3 |
---------------+----------+-----
Armour         | 1 |  1.1
Dodging        | 3 |  3.2
Polearms       | 4 |  4.1
Fighting       | |  2.6
Spellcasting   | |  2.0
Charms         | |  3.2

Action                   || total
-------------------------++-------
Melee: Spear             ||   104
  Use: Scroll            ||     2
       Potion            ||     1
 Stab: Sleeping          ||     1
Armor: Leather armour    ||    22
Dodge: Dodged            ||    42
